 Dungeon Crawl Stone Soup version 0.26-a0-682-g294304f6e8 (webtiles) character file.

Game seed: 494576149283992814

1855 Murumi the Cudgeler (level 9, -7/93 HPs)
             Began as an Ogre Conjurer on Oct 20, 2020.
             Mangled by a two-headed ogre
             ... wielding a +0 giant spiked club
              (11 damage)
             ... on level 9 of the Dungeon.
             The game lasted 00:26:30 (7450 turns).

Murumi the Cudgeler (Ogre Conjurer)                 Turns: 7450, Time: 00:26:30

Health: -7/93      AC:  4    Str: 16    XL:     9   Next: 12%
Magic:  5/13       EV: 10    Int: 19    God:
Gold:   361        SH:  0    Dex:  7    Spells: 11/14 levels left

rFire    . . .     SeeInvis .   c - +3 whip (flame)
rCold    . . .     Faith    .   (no shield)
rNeg     . . .     Spirit   .   a - +1 robe
rPois    .         Reflect  .   (helmet restricted)
rElec    .         Harm     .   (no cloak)
rCorr    .         Rampage  .   (gloves unavailable)
MR       .....                  (boots unavailable)
Stlth    ++........             (no amulet)
HPRegen  0.25/turn              (no ring)
MPRegen  0.13/turn              (no ring)

@: no status effects
A: large, unfitting armour, tough skin 1
a: no special abilities


You were on level 9 of the Dungeon.
You visited 1 branch of the dungeon, and saw 7 of its levels.
You also visited: Sewer.

You collected 361 gold pieces.

Inventory:

Hand Weapons
 c - a +3 whip of flaming (weapon)
 u - a +0 whip
Missiles
 f - 101 stones
 i - 2 javelins
 o - 21 poisoned darts (quivered)
 r - an atropa-tipped dart
Armour
 a - a +1 robe (worn)
Jewellery
 l - an uncursed ring of fire
Wands
 q - a wand of flame (19)
Scrolls
 m - 2 scrolls of enchant armour
 n - 4 scrolls of remove curse
 p - a scroll of fear
 t - a scroll of teleportation
Potions
 b - 4 potions of flight
 d - 4 potions of curing
 e - 3 potions of resistance
 g - 4 potions of heal wounds
 h - a potion of magic
 j - 3 potions of invisibility
 k - a potion of mutation


   Skills:
 - Level 7.0 Fighting
 + Level 7.3 Maces & Flails
 - Level 4.0 Throwing
 - Level 3.0 Dodging
 - Level 2.0 Stealth
 - Level 3.0 Spellcasting
 - Level 4.0 Conjurations
 - Level 1.0 Evocations


You had 11 spell levels left.
You knew the following spells:

 Your Spells              Type           Power        Failure   Level
a - Magic Dart            Conj           ###.         3%          1
b - Searing Ray           Conj           ###...       4%          2

Your spell library contained the following spells:

 Spells                   Type           Power        Failure   Level
 Dazzling Flash           Conj/Hex       ##....       21%         3
 Fulminant Prism          Conj/Hex       ##........   54%         4
 Iskenderun's Mystic Bla  Conj/Tloc      ##......     54%         4


Dungeon Overview and Level Annotations

Branches:
Dungeon (6/15)              Sewer (visited)
 Temple: D:4-7

Altars:
Dithmenos
Makhleb
Wu Jian
Xom
Yredelemnul


Innate Abilities, Weirdness & Mutations

You are too large for most types of armour.
You have tough skin. (AC +1)


Message History

The two-headed ogre hits you with a +0 giant club!
* * * LOW HITPOINT WARNING * * *
Casting: Searing Ray (safe; 4% risk of failure)
Confirm with . or Enter, or press ? or * to list all spells.
Aiming: Searing Ray (safe; 4% risk of failure)
Press: ? - help, Shift-Dir - straight line, f/p - two-headed ogre
Aim: a two-headed ogre, wielding a +0 giant spiked club and a +0 giant club (severely wounded, very poisoned)
The searing ray hits the two-headed ogre.
The two-headed ogre is severely wounded. (Press . to maintain the ray.)
The searing ray hits the two-headed ogre.
The two-headed ogre is almost dead.
The two-headed ogre hits you with a +0 giant spiked club!!
* * * LOW HITPOINT WARNING * * *
The two-headed ogre hits you but does no damage.
The searing ray hits the two-headed ogre.
The two-headed ogre is almost dead.
The two-headed ogre closely misses you.
The two-headed ogre hits you with a +0 giant club!
You die...

#..# #..# #..# #..# .
#..# #..# # .. #..# #..#
.# ... #..# #..# ..#
.... ###..####..####..#
..... #.................
.....≈#..).÷............
.....(O@.####...........
....(.'..# #...........
...((≈#.># #...........
..(.(≈#..####...........
((.(≈ #.................
...≈≈ #.................
..≈≈ #######...........
.≈≈# #...........
#..........


You could see a two-headed ogre (very poisoned).

Vanquished Creatures
  3 wyverns (D:9)
  2 water moccasins (D:9)
  Purgy (Sewer)
  A black bear (D:9)
  A wolf (D:9)
  A centaur (D:9)
  2 bullfrogs
  2 scorpions
  A water moccasin skeleton (D:5)
  A bullfrog zombie (D:5)
  2 hounds
  An orc priest (D:4)
  A bullfrog skeleton (D:4)
  A jelly (D:9)
  2 iguanas
  Ijyb (D:3)
  3 worker ants
  7 gnolls
  8 adders
  2 white imps
  2 ufetubi
  An ooze (D:1)
  An adder zombie (D:5)
  2 worms
  A dart slug (D:1)
  6 leopard geckos
  8 orcs
  4 bats
  11 giant cockroaches
  6 goblins
  5 hobgoblins
  12 jackals
  A quokka (D:2)
  A ball python (D:2)
  5 frilled lizards
  11 kobolds
  11 rats
131 creatures vanquished.

Vanquished Creatures (others)
  A fungus (D:9)
  22 plants (D:9)
23 creatures vanquished.

Grand Total: 154 creatures vanquished

Notes
Turn   | Place    | Note
-------+----------+-------------------------------------------
     0 | D:1      | Murumi the Ogre Conjurer began the quest for the Orb.
     0 | D:1      | Reached XP level 1. HP: 16/16 MP: 3/3
   313 | D:1      | Reached XP level 2. HP: 24/24 MP: 0/6
   317 | D:1      | Learned a level 2 spell: Searing Ray
   772 | D:1      | Reached XP level 3. HP: 31/31 MP: 3/7
  1235 | D:2      | Reached skill level 1 in Fighting
  1561 | D:2      | Reached skill level 1 in Throwing
  1588 | D:2      | Reached XP level 4. HP: 41/41 MP: 5/8
  1784 | D:2      | Found a burning altar of Makhleb.
  2139 | D:3      | Reached skill level 1 in Maces & Flails
  2231 | D:3      | Found a shadowy altar of Dithmenos.
  2351 | D:3      | Reached XP level 5. HP: 46/53 MP: 1/9
  2408 | D:3      | Found an ornate altar of the Wu Jian Council.
  2619 | D:3      | Found a glowing drain.
  2628 | Sewer    | Entered a sewer
  2830 | Sewer    | Noticed Purgy
  2837 | Sewer    | Killed Purgy
  2837 | Sewer    | Reached XP level 6. HP: 35/65 MP: 2/10
  3091 | D:3      | Noticed Ijyb
  3106 | D:3      | Killed Ijyb
  3106 | D:3      | Reached skill level 5 in Fighting
  4283 | D:4      | Reached skill level 1 in Evocations
  4283 | D:4      | Reached XP level 7. HP: 66/72 MP: 11/11
  4801 | D:5      | Entered Level 5 of the Dungeon
  4997 | D:5      | Found a basalt altar of Yredelemnul.
  5897 | D:5      | Reached skill level 5 in Maces & Flails
  5999 | D:5      | Found a shimmering altar of Xom.
  5999 | D:5      | Found a basalt altar of Yredelemnul.
  6299 | D:6      | You fall into a shaft and drop 3 floors!
  6320 | D:9      | Reached XP level 8. HP: 61/80 MP: 3/12
  6433 | D:9      | Noticed a wyvern
  6446 | D:9      | Killed a wyvern
  6555 | D:9      | HP: 4/83 [poisoned by a water moccasin]
  6637 | D:9      | Noticed a wyvern
  6908 | D:9      | Noticed a wyvern
  7017 | D:9      | Killed a wyvern
  7199 | D:9      | Killed a wyvern
  7199 | D:9      | Reached XP level 9. HP: 46/93 MP: 4/13
  7436 | D:9      | Noticed a two-headed ogre
  7449 | D:9      | HP: 3/93 [two-headed ogre/+0 giant spiked club (18)]
  7450 | D:9      | Mangled by a two-headed ogre

Illustrated notes

Levels and vault maps discovered:
D:1:      noname_arrival_rooms_in_the_neighbourhood, layout_loops_ring
D:2:      layout_rooms, marbit_many_paths
D:3:      layout_loops_corners, overflow_temple_1_default,
          nicolae_dithmenos_shadow_blocks, portal_sewer_entry_f, uniq_ijyb
D:4:      layout_basic
D:5:      layout_gridville, gammafunk_temple_overflow_elements, basic_altar
D:6:      layout_loops_ring, corexii_item_surrounded_by_moat,
          uniq_crazy_yiuf_cottage
D:9:      layout_small_grid, minmay_lair_entry_grove,
          minmay_misc_feat_more_columns, kennysheep_cross_room, uniq_grum,
          uniq_joseph

Skill      XL: |  1  2  3  4  5  6  7  8 |
---------------+-------------------------+-----
Spellcasting   | 3 |  3.0
Conjurations   | 4 |  4.0
Dodging        | 2 3 |  3.0
Stealth        | 2 |  2.0
Fighting       | 1 3 4 5 7 |  7.0
Throwing       | 1 2 3 4 |  4.0
Maces & Flails | 1 2 3 5 7 |  7.3
Evocations     | 1 |  1.0

Action                   |  1- 3 |  4- 6 |  7- 9 || total
-------------------------+-------+-------+-------++-------
Melee: Whip              |    60 |   112 |    95 ||   267
Throw: Stone             |    55 |    49 |    63 ||   167
       Dart              |       |     5 |    18 ||    23
       Boomerang         |       |       |     3 ||     3
       Javelin           |       |       |     2 ||     2
 Cast: Magic Dart        |    11 |       |       ||    11
       Searing Ray       |     6 |    12 |    23 ||    41
  Use: Scroll            |     5 |     6 |     4 ||    15
       Potion            |       |       |     1 ||     1
 Stab: Sleeping          |     3 |     9 |       ||    12
Armor: Robe              |    17 |    32 |    21 ||    70
Dodge: Dodged            |    41 |    65 |    62 ||   168

Table legend: (Time is in decaauts)
 A = Elapsed time spent in this place.
 B = Non-inter-level travel time spent in this place.
 C = Inter-level travel time spent in this place.
 D = Time resting spent in this place.
 E = Time spent auto-exploring this place.
 F = Levels seen in this place.
 G = Mean time per level.
                   A        B        C        D        E       F      G
               +--------+--------+--------+--------+--------+-----+--------+
         Total |   7462 |   6963 |    499 |    287 |   5244 |   8 |  932.8 |
       Dungeon |   7049 |   6550 |    499 |    287 |   4921 |   7 | 1007.0 |
         Sewer |    412 |    412 |      0 |      0 |    323 |   1 |  412.0 |
               +--------+--------+--------+--------+--------+-----+--------+

Top non-repeatable levels by time:
     D:5: 1261 daAuts
     D:3: 1233 daAuts
     D:4: 1197 daAuts
     D:1: 1192 daAuts
     D:9: 1145 daAuts
     D:2: 867 daAuts
   Sewer: 412 daAuts
     D:6: 151 daAuts
